 Dungeon Crawl Stone Soup version 0.18-a0-1677-g2bdad6c (webtiles) character file.

620 Mutatinator the Cutter (level 7, 0/48 HPs)
             Began as a Demonspawn Wanderer on Apr 2, 2016.
             Slain by Prince Ribbit (8 damage)
             ... on level 5 of the Dungeon.
             The game lasted 00:11:28 (4626 turns).

Mutatinator the Cutter (Demonspawn Wanderer)        Turns: 4626, Time: 00:11:28

Health: 0/48       AC:  3    Str: 10      XL:     7   Next: 22%
Magic:  0/7        EV: 11    Int: 14 (15) God:
Gold:   578        SH:  0    Dex: 15 (17) Spells: 0 memorised, 6 levels left

rFire  . . .     SeeInvis .     h - +2 dagger (venom)
rCold  . . .     Gourm    .     d - +0 robe
rNeg   + . .     Faith    .     (no shield)
rPois  .         Spirit   +     i - +0 helmet
rElec  .         Dismiss  .     (no cloak)
rCorr  .         Reflect  .     (no gloves)
SustAt .         Harm     .     (no boots)
MR     .....                    (no amulet)
Stlth  ++........               (no ring)
                                r - ring of positive energy

@: very slightly contaminated, hasted, very quick, not resistant to hostile
enchantments, unstealthy
A: talons 2, thin skeletal structure 1, magic shield
a: no special abilities


You were on level 5 of the Dungeon.
You were not hungry.

You visited 1 branch of the dungeon, and saw 5 of its levels.

You collected 578 gold pieces.

Inventory:

Hand Weapons
 a - a +2 hand axe
 b - a +0 quarterstaff
 c - a +0 spear
 e - a +0 dagger
 h - a +2 dagger of venom (weapon)
Armour
 d - a +0 robe (worn)
 i - a +0 helmet (worn)
Jewellery
 r - a ring of positive energy (left hand)
 x - an uncursed ring of ice
Scrolls
 j - 4 scrolls of identify {unknown}
 k - a scroll of random uselessness {unknown}
 l - 2 scrolls of teleportation {unknown}
 m - a scroll of blinking {unknown}
 n - a scroll of enchant armour {unknown}
 o - a scroll of noise {unknown}
 p - 2 scrolls of remove curse
 s - a scroll of recharging
Potions
 q - a potion of degeneration
 t - a potion of haste
 u - 2 potions of resistance
 v - a potion of flight
 A - 2 potions of cancellation {unknown}
Comestibles
 f - 3 bread rations
 g - 5 fruits
 w - a royal jelly


   Skills:
 - Level 1.3 Fighting
 * Level 6.3 Short Blades
 - Level 1.0(3.0) Axes
 - Level 4.5(4.6) Polearms
 - Level 1.0 Throwing
 - Level 2.5 Armour
 - Level 1.6 Stealth
   Level 1.0 Shields


You had 6 spell levels left.
You didn't know any spells.

Dungeon Overview and Level Annotations

Branches:
Dungeon (5/15)
 Temple: D:4-7

Altars:
Gozag
Makhleb
Pakellas
Ru

Annotations:
D:4 Dowan, Duvessa
D:5 Prince Ribbit


Innate Abilities, Weirdness & Mutations

You have razor-sharp toenails.
You have a somewhat thin skeletal structure (Dex +2, Stealth).
When hurt, damage is shared between your health and your magic reserves.


Message History

You are very lightly contaminated with residual magic.
You miss Prince Ribbit. You claw Prince Ribbit.
Prince Ribbit is moderately wounded.
The crimson imp blinks!
You barely miss Prince Ribbit.
Prince Ribbit is moderately wounded.
Prince Ribbit closely misses you.
You hit Prince Ribbit.
Prince Ribbit is moderately wounded.
Prince Ribbit hits you but does no damage.
You hit Prince Ribbit. Your kick misses Prince Ribbit.
Prince Ribbit is moderately wounded.
You closely miss Prince Ribbit.
Prince Ribbit is moderately wounded.
Prince Ribbit hits you!
* * * LOW HITPOINT WARNING * * *
You closely miss Prince Ribbit. Your kick misses Prince Ribbit.
Prince Ribbit is moderately wounded.
Prince Ribbit hits you!
You die...

####### #+#
.#### #####
... ....
..... ..
...# ..P..
.. #...#
#### #.
....# #.
....#
.###.#.#5>.#
###
.....).@(..#
##+#..
######.#F..#
....... ...
...# ##+####
..... .....
######
#....# ...##
...# ...#


You could see Prince Ribbit and a crimson imp.

Vanquished Creatures
  Edmund (D:4)
  An ogre (D:5)
  The ghost of Kidiri the Magician, an amateur DEFE (D:3)
  An orc wizard (D:3)
  Jessica (D:2)
  Natasha (thrice) (D:2)
  Terence (D:1)
  2 hound skeletons (D:4)
  A gnoll (D:5)
  6 adders
  3 worms
  7 dart slugs
  2 giant geckos
  2 orcs
  A ball python (D:1)
  3 giant cockroaches
  8 goblins
  10 hobgoblins
  8 jackals
  8 kobolds
  7 bats
  3 giant newts (D:3)
  9 rats
89 creatures vanquished.

Vanquished Creatures (others)
  An orc wizard (D:4)
1 creature vanquished.

Grand Total: 90 creatures vanquished

Notes
Turn   | Place    | Note
--------------------------------------------------------------
     0 | D:1      | Mutatinator the Demonspawn Wanderer began the quest for the Orb.
     0 | D:1      | Mutatinator set off with: a +2 hand axe, a +0 quarterstaff, a +0 spear, a +0 robe, a bread ration
     0 | D:1      | Reached XP level 1. HP: 13/13 MP: 1/1
    51 | D:1      | Gained mutation: You have a somewhat thin skeletal structure (Dex +2, Stealth). [demonic ancestry]
    51 | D:1      | Reached XP level 2. HP: 11/19 MP: 2/2
    67 | D:1      | You fall through a shaft!
   267 | D:1      | Reached skill level 1 in Stealth
   742 | D:1      | Reached skill level 1 in Fighting
   835 | D:1      | Reached XP level 3. HP: 8/26 MP: 3/3
  1055 | D:2      | Found a sacrificial altar of Ru.
  1055 | D:2      | Noticed Terence
  1135 | D:1      | HP: 1/26 [hobgoblin/club (2)]
  1675 | D:2      | Noticed Jessica
  1688 | D:2      | Killed Jessica
  1688 | D:2      | Reached skill level 1 in Short Blades
  1688 | D:2      | Gained mutation: When hurt, damage is shared between your health and your magic reserves. [demonic ancestry]
  1688 | D:2      | Reached XP level 4. HP: 13/32 MP: 4/4
  1886 | D:2      | Found a faded altar to an unknown god.
  1896 | D:2      | Became a worshipper of Gozag Ym Sagoz the Greedy
  1919 | D:2      | Reached skill level 2 in Short Blades
  2003 | D:2      | Noticed Natasha
  2011 | D:2      | Killed Natasha
  2023 | D:2      | Noticed Natasha
  2220 | D:1      | Killed Terence
  2220 | D:1      | Reached skill level 3 in Short Blades
  2220 | D:1      | Reached XP level 5. HP: 13/37 MP: 3/5
  2426 | D:2      | Killed Natasha
  2475 | D:2      | Found a burning altar of Makhleb.
  2498 | D:2      | Noticed Natasha
  2503 | D:2      | Killed Natasha
  2645 | D:2      | Reached skill level 4 in Short Blades
  3035 | D:3      | Noticed Kidiri's ghost (amateur DEFE)
  3153 | D:3      | Killed Kidiri's ghost
  3153 | D:3      | Gained mutation: You have sharp toenails. [demonic ancestry]
  3153 | D:3      | Reached XP level 6. HP: 37/43 MP: 4/6
  3156 | D:3      | Fell from the grace of Gozag
  3470 | D:4      | Noticed Edmund
  3491 | D:4      | Killed Edmund
  3491 | D:4      | Reached skill level 5 in Short Blades
  3584 | D:4      | Noticed Dowan
  3585 | D:4      | Noticed Duvessa
  3602 | D:4      | HP: 1/43 [orc wizard/puff of flame (4)]
  4188 | D:4      | Found an oddly glowing altar of Pakellas.
  4208 | D:5      | Entered Level 5 of the Dungeon
  4232 | D:5      | Reached skill level 6 in Short Blades
  4232 | D:5      | Gained mutation: You have razor-sharp toenails. [demonic ancestry]
  4232 | D:5      | Reached XP level 7. HP: 30/48 MP: 3/7
  4338 | D:5      | HP: 1/48 [ogre/giant spiked club (35)]
  4557 | D:5      | Noticed Prince Ribbit
  4626 | D:5      | Slain by Prince Ribbit

Vault maps used:
D:1:      elethiomel_arrival_shortcut
D:2:      lemuel_upstairs_altar, lemuel_crystal_altar,
          overflow_temple_1_default, serial_forest,
          infiniplex_forest_straight_2, infiniplex_forest_straight_2,
          infiniplex_forest_zigzag_1, infiniplex_forest_lined_4_way,
          infiniplex_forest_corner_2, infiniplex_forest_lined_room_3,
          ecumenical_altar_1, first_bread, uniq_terence, uniq_jessica,
          uniq_natasha
D:4:      kennysheep_flooded_box, uniq_duvessa, uniq_edmund
D:5:      corexii_shantytown, portal_sewer_entry_b, uniq_prince_ribbit1,
          uniq_menkaure

Skill      XL: |  1  2  3  4  5  6 |
---------------+-------------------+-----
Armour         | 2 |  2.5
Stealth        | 1 |  1.6
Fighting       | 1 |  1.3
Short Blades   | 1 3 4 6 |  6.3
Axes           | |  1.0
Polearms       | |  4.5
Throwing       | |  1.0
Shields        | |  1.0

Action                   |  1- 3 |  4- 6 |  7- 9 || total
-------------------------+-------+-------+-------++-------
Melee: Hand axe          |    77 |       |       ||    77
       Dagger            |    47 |   164 |    29 ||   240
Invok: Renounce Religion |       |     1 |       ||     1
  Use: Potion            |     3 |     6 |     3 ||    12
       Scroll            |       |     2 |     1 ||     3
 Stab: Sleeping          |     1 |     9 |     2 ||    12
       Distracted        |       |     1 |       ||     1
  Eat: Chunk             |     2 |     2 |     3 ||     7
       Meat ration       |       |     1 |       ||     1
